 Dungeon Crawl Stone Soup version 0.30-a0-881-g1ff12e1e11 (webtiles) character file.

Game seed: 13707595556386790673

163 lessens the Sneak (level 5, -6/37 HPs)
             Began as a Gnoll Enchanter on Mar 14, 2023.
             Was an Initiate of Nemelex Xobeh.
             Mangled by jasper's ghost (8 damage)
             ... on level 3 of the Dungeon.
             The game lasted 00:03:55 (3004 turns).

lessens the Sneak (Gnoll Enchanter)                 Turns: 3004, Time: 00:03:56

Health: -6/37      AC:  2    Str:  7 (9)  XL:     5   Next: 44%
Magic:  12/12      EV: 13    Int: 14      God:    Nemelex Xobeh [......]
Gold:   71         SH:  0    Dex: 11 (13) Spells: 14/14 levels left

rFire   . . .      SeeInvis .    u - +2 sling (heavy)
rCold   . . .      Faith    .    (no shield)
rNeg    . . .      Spirit   .    b - +0 robe
rPois   .          Reflect  .    (no helmet)
rElec   .          Rampage  .    (no cloak)
rCorr   .                        (no gloves)
Will    .....                    (no boots)
Stlth   +++                      (no amulet)
HPRegen 0.26/turn                (no ring)
MPRegen 0.13/turn                (no ring)

@: no status effects
A: fangs 1, strong nose, distributed training
a: Renounce Religion, Draw Escape, Draw Destruction, Draw Summoning


You were on level 3 of the Dungeon.
You worshipped Nemelex Xobeh.
Nemelex Xobeh was noncommittal.
You visited 1 branch of the dungeon, and saw 3 of its levels.

You collected 183 gold pieces.
You spent 112 gold pieces at shops.

Inventory:

Hand Weapons
 a - a +1 dagger
 u - a +2 heavy sling (weapon)
Missiles
 e - 47 stones
 g - 6 silver boomerangs
 q - 2 poisoned darts
 y - a boomerang
Armour
 b - a +0 robe (worn)
 j - a +0 pair of boots
Jewellery
 v - a ring of willpower
Scrolls
 d - 2 scrolls of identify {unknown}
 i - a scroll of teleportation {unknown}
 l - a scroll of immolation {unknown}
 m - a scroll of noise {unknown}
 o - a scroll of amnesia {unknown}
 r - a scroll of blinking {unknown}
 s - a scroll of enchant weapon {unknown}
 t - a scroll of fog {unknown}
 w - a scroll of enchant armour {unknown}
 x - a scroll of brand weapon {unknown}
Potions
 c - a potion of invisibility
 f - a potion of degeneration
 h - a potion of cancellation {unknown}
 k - a potion of haste {unknown}
 n - a potion of attraction {unknown}
 p - a potion of mutation {unknown}
 z - a potion of curing


   Skills:
 + Level 1.5 Fighting
 + Level 3.0 Short Blades
 + Level 1.5 Long Blades
 + Level 1.5 Axes
 + Level 1.5 Maces & Flails
 + Level 1.5 Polearms
 + Level 1.5 Staves
 + Level 1.5 Ranged Weapons
 + Level 1.5 Throwing
 + Level 1.5 Armour
 + Level 4.8 Dodging
 + Level 6.1 Stealth
 + Level 1.5 Shields
 + Level 1.5 Unarmed Combat
 + Level 5.2 Spellcasting
 + Level 1.2 Conjurations
 + Level 5.5 Hexes
 + Level 1.2 Summonings
 + Level 1.2 Necromancy
 + Level 1.2 Translocations
 + Level 1.2 Transmutations
 + Level 1.2 Fire Magic
 + Level 1.2 Ice Magic
 + Level 1.2 Air Magic
 + Level 1.2 Earth Magic
 + Level 1.2 Poison Magic
 + Level 1.7 Invocations
 + Level 1.5 Evocations


You had 14 spell levels left.
You didn't know any spells.
Your spell library contained the following spells:

 Spells                   Type           Power      Damage    Failure   Level
 Confusing Touch          Hex            19%        N/A       5%          3
 Tukima's Dance           Hex            19%        N/A       5%          3
 Ensorcelled Hibernation  Hex/Ice        26%        N/A       6%          2
 Dazzling Flash           Conj/Hex       26%        N/A       13%         3
 Scorch                   Fire           14%        2d6       16%         2
 Flame Wave               Conj/Fire      7%         2d5       71%         4
 Summon Cactus Giant      Summ           3%         N/A       100%        6


Dungeon Overview and Level Annotations

Branches:
Dungeon (3/15) Zot: 14962

Altars:
Dithmenos
Hepliaklqana
Nemelex Xobeh
Qazlal
Uskayaw

Shops:
D:2 (

Annotations:
D:3 jasper's ghost, weakling GrHu


Innate Abilities, Weirdness & Mutations

You have very sharp teeth.
Your uncanny sense of smell can sniff out nearby items.
Your experience applies equally to all skills.


Message History

Aim: jasper's ghost (54% to hit)
You shoot a sling bullet. The sling bullet hits jasper's ghost!
Jasper's ghost is moderately damaged.
Jasper's ghost barely misses you.
Fire: u) +2 sling (heavy)
Press: ? - help, Q - select action, (/) - cycle Shift-Dir - straight line, f/p - jasper's ghost
Aim: jasper's ghost (moderately damaged, 54% to hit)
You shoot a sling bullet. The sling bullet hits jasper's ghost.
Jasper's ghost is heavily damaged.
Jasper's ghost misses you. Jasper's ghost hits you. Jasper's ghost hits you!
Fire: u) +2 sling (heavy)
Press: ? - help, Q - select action, (/) - cycle Shift-Dir - straight line, f/p - jasper's ghost
Aim: jasper's ghost (moderately damaged, 54% to hit)
You shoot a sling bullet. The sling bullet hits jasper's ghost!
Jasper's ghost is severely damaged.
Jasper's ghost barely misses you.
Fire: u) +2 sling (heavy)
Press: ? - help, Q - select action, (/) - cycle Shift-Dir - straight line, f/p - jasper's ghost
Aim: jasper's ghost (severely damaged, 54% to hit)
You shoot a sling bullet. The sling bullet hits jasper's ghost.
Jasper's ghost is almost destroyed.
Jasper's ghost wails.
Jasper's ghost hits you. Jasper's ghost hits you!
* * * LOW HITPOINT WARNING * * *
Fire: u) +2 sling (heavy)
Press: ? - help, Q - select action, (/) - cycle Shift-Dir - straight line, f/p - jasper's ghost
Aim: jasper's ghost (almost destroyed, 54% to hit)
You shoot a sling bullet.
The sling bullet closely misses jasper's ghost.
Jasper's ghost hits you!
* * * LOW HITPOINT WARNING * * *
Jasper's ghost completely misses you.
Fire: u) +2 sling (heavy)
Press: ? - help, Q - select action, (/) - cycle Shift-Dir - straight line, f/p - jasper's ghost
Aim: jasper's ghost (almost destroyed, 54% to hit)
You shoot a sling bullet.
The sling bullet barely misses jasper's ghost.
Jasper's ghost hits you!
You die...
Your body disappears without a glow.

.#...# #......#..##
.#...# .. #..###..)###
.#.≈.#
#.#####.......###.
.#.≈.# .....'......###._
.#.≈.#
#####...#.......###.
.#...#
#.........####'..###
.#.).#
#######.......####.#..##
.##'##
#.....#.........##.##..#
.#...#
#?~~~~W@......#..#.##...
##.#.##
#.....#.......##.#.##...
#.###.#
#######.....!...........
#.# #.##
#.........##.####### .##
##.# ############.#####
.# #.## #.....# ### ##.#
#####.# #.# ##.#####
#.### ..# #......#
##...#


You could see jasper's ghost.

Vanquished Creatures
  An orc wizard (D:3)
  4 gnolls
  3 adders
  2 dart slugs
  6 orcs (D:3)
  5 ball pythons
  4 endoplasms
  A giant cockroach (D:1)
  7 goblins
  5 hobgoblins
  4 jackals (D:1)
  2 quokkas
  5 bats
  4 frilled lizards
  4 kobolds
  5 rats
62 creatures vanquished.

Notes
Turn   | Place    | Note
-------+----------+-------------------------------------------
     0 | D:1      | lessens the Gnoll Enchanter began the quest for the Orb.
     0 | D:1      | Reached XP level 1. HP: 13/13 MP: 6/6
   127 | D:1      | Reached XP level 2. HP: 6/19 MP: 7/7
   742 | D:1      | Reached skill level 5 in Spellcasting
   742 | D:1      | Reached XP level 3. HP: 25/25 MP: 7/9
  1019 | D:2      | Reached skill level 6 in Stealth
  1073 | D:2      | Reached skill level 1 in Invocations
  1282 | D:2      | Reached skill level 1 in Fighting
  1282 | D:2      | Reached skill level 1 in Long Blades
  1282 | D:2      | Reached skill level 1 in Axes
  1282 | D:2      | Reached skill level 1 in Maces & Flails
  1282 | D:2      | Reached skill level 1 in Polearms
  1282 | D:2      | Reached skill level 1 in Staves
  1282 | D:2      | Reached skill level 1 in Ranged Weapons
  1282 | D:2      | Reached skill level 1 in Throwing
  1282 | D:2      | Reached skill level 1 in Armour
  1282 | D:2      | Reached skill level 1 in Shields
  1282 | D:2      | Reached skill level 1 in Unarmed Combat
  1282 | D:2      | Reached skill level 1 in Evocations
  1408 | D:2      | Found a faded altar of an unknown god.
  1640 | D:2      | Found Sigeotse's Antique Weapon Boutique.
  1872 | D:3      | Reached XP level 4. HP: 32/32 MP: 11/11
  1977 | D:3      | Reached skill level 1 in Conjurations
  1977 | D:3      | Reached skill level 1 in Summonings
  1977 | D:3      | Reached skill level 1 in Necromancy
  1977 | D:3      | Reached skill level 1 in Translocations
  1977 | D:3      | Reached skill level 1 in Transmutations
  1977 | D:3      | Reached skill level 1 in Fire Magic
  1977 | D:3      | Reached skill level 1 in Ice Magic
  1977 | D:3      | Reached skill level 1 in Air Magic
  1977 | D:3      | Reached skill level 1 in Earth Magic
  1977 | D:3      | Reached skill level 1 in Poison Magic
  2257 | D:2      | Bought a runed sling for 112 gold pieces
  2439 | D:3      | Found a hazy altar of Hepliaklqana.
  2502 | D:3      | Found a hide-covered altar of Uskayaw.
  2667 | D:3      | Reached XP level 5. HP: 37/37 MP: 12/12
  2741 | D:3      | Found a sparkling altar of Nemelex Xobeh.
  2782 | D:3      | Became a worshipper of Nemelex Xobeh the Trickster
  2955 | D:3      | Found a shadowy altar of Dithmenos.
  2955 | D:3      | Found a stormy altar of Qazlal.
  2989 | D:3      | Found a runed translucent door.
  2995 | D:3      | Noticed jasper's ghost (weakling GrHu)
  3004 | D:3      | Mangled by jasper's ghost

Illustrated notes

Levels and vault maps discovered:
D:1:      ebering_hopf_link, layout_loops_corners
D:2:      layout_basic, serial_shops, nicolae_shop_advertising_works
          [nicolae_subvault_shop_adworks], chequers_ecumenical_altar_twisty
D:3:      layout_basic, old_standard_altar, nemelex_diamond_rough_becter,
          general_overflow_altar, gammafunk_temple_overflow_elements,
          ebering_ghost_reflecting_pool, grunt_decor_clamped

Skill      XL: |  1  2  3  4  5 |
---------------+----------------+-----
Spellcasting   | 5 |  5.2
Stealth        | 6 |  6.1
Invocations    | 1 |  1.7
Fighting       | 1 |  1.5
Long Blades    | 1 |  1.5
Axes           | 1 |  1.5
Maces & Flails | 1 |  1.5
Polearms       | 1 |  1.5
Staves         | 1 |  1.5
Ranged Weapons | 1 |  1.5
Throwing       | 1 |  1.5
Armour         | 1 |  1.5
Shields        | 1 |  1.5
Unarmed Combat | 1 |  1.5
Evocations     | 1 |  1.5
Conjurations   | 1 |  1.2
Summonings     | 1 |  1.2
Necromancy     | 1 |  1.2
Translocations | 1 |  1.2
Transmutations | 1 |  1.2
Fire Magic     | 1 |  1.2
Ice Magic      | 1 |  1.2
Air Magic      | 1 |  1.2
Earth Magic    | 1 |  1.2
Poison Magic   | 1 |  1.2
Short Blades   | 3 |  3.0
Dodging        | |  4.8
Hexes          | |  5.5

Action                     |  1- 3 |  4- 6 || total
---------------------------+-------+-------++-------
  Melee: Dagger            |   125 |    25 ||   150
         Bite              |     9 |     2 ||    11
         Punch             |     1 |       ||     1
   Fire: Sling             |       |    52 ||    52
    Use: Potion            |     1 |     2 ||     3
   Stab: Invisible         |     4 |       ||     4
         Sleeping          |    14 |     1 ||    15
 Armour: Robe              |    13 |     1 ||    14
  Dodge: Dodged            |    72 |    38 ||   110

Table legend: (Time is in decaauts)
 A = Elapsed time spent in this place.
 B = Non-inter-level travel time spent in this place.
 C = Inter-level travel time spent in this place.
 D = Time resting spent in this place.
 E = Time spent auto-exploring this place.
 F = Levels seen in this place.
 G = Mean time per level.
                   A        B        C        D        E       F      G
               +--------+--------+--------+--------+--------+-----+--------+
         Total |   3035 |   2788 |    247 |      0 |   2289 |   3 | 1011.7 |
       Dungeon |   3035 |   2788 |    247 |      0 |   2289 |   3 | 1011.7 |
               +--------+--------+--------+--------+--------+-----+--------+

Top non-repeatable levels by time:
     D:3: 1021 daAuts
     D:2: 1010 daAuts
     D:1: 1004 daAuts
